 Dungeon Crawl Stone Soup version 0.28-a0-1143-gcf6077d4cc (webtiles) character file.

Game seed: 6829023829525250361

14574 leviel the Cleaver (level 12, -3/112 HPs)
             Began as a Hill Orc Fighter on Dec 14, 2021.
             Was a Follower of Yredelemnul.
             Slain by a skeletal warrior (16 damage)
             ... led by a skeletal warrior
             ... on level 12 of the Dungeon.
             The game lasted 00:25:06 (12758 turns).

leviel the Cleaver (Hill Orc Fighter)              Turns: 12758, Time: 00:25:06

Health: -3/112     AC: 12    Str: 36    XL:     12   Next: 17%
Magic:  12/12      EV:  7    Int: 17    God:    Yredelemnul [*.....]
Gold:   537        SH: 24    Dex: 16    Spells: 11/11 levels left

rFire   + + .      SeeInvis .   v - +8 war axe "Inoff" {vorpal, rF++ Int+7}
rCold   . . .      Faith    .   K - +9 tower shield of a wizard's laboratory {Str+8 Stlth-}
rNeg    . . .      Spirit   .   b - +0 scale mail
rPois   .          Reflect  .   h - +2 helmet
rElec   .          Harm     .   z - scarf {repulsion}
rCorr   .          Rampage  .   (no gloves)
Will    .....                   (no boots)
Stlth   ..........              (no amulet)
HPRegen 0.28/turn               t - +6 ring of dexterity
MPRegen 0.13/turn               D - +6 ring of strength

@: hasted, repel missiles, very quick
A: no striking features
a: Renounce Religion, Recall Undead Harvest


You were on level 12 of the Dungeon.
You worshipped Yredelemnul.
Yredelemnul was noncommittal.
You visited 2 branches of the dungeon, and saw 15 of its levels.
You also visited: Sewer.

You collected 603 gold pieces.
You spent 66 gold pieces at shops.

Inventory:

Hand Weapons
 a - a +0 war axe
 e - a +3 hand axe of electrocution
 v - the +8 war axe "Inoff" (weapon) {vorpal, rF++ Int+7}
   (You found it on level 6 of the Dungeon)

   It inflicts extra damage upon your enemies.
   Int:       It affects your intelligence (+7).
   rF:        It greatly protects you from fire.
Missiles
 c - a throwing net
 i - 6 curare-tipped darts (quivered)
 n - 53 poisoned darts
 w - 5 javelins
Armour
 b - a +0 scale mail (worn)
 h - a +2 helmet (worn)
 z - a scarf of repulsion (worn)
 K - the +9 tower shield of a wizard's laboratory (worn) {Str+8 Stlth-}
   (You found it on level 9 of the Dungeon)

   Str:       It affects your strength (+8).
   Stlth:     It makes you less stealthy.
Jewellery
 t - a +6 ring of dexterity (left hand)
 D - a +6 ring of strength (right hand)
Wands
 m - a wand of acid (6)
 q - a wand of polymorph (4)
 B - a wand of iceblast (19)
 J - a wand of flame (6)
Scrolls
 f - 2 scrolls of blinking
 g - a scroll of amnesia
 o - 4 scrolls of fog
 y - a scroll of magic mapping
 A - 2 scrolls of identify {@r1}
 E - 2 scrolls of silence
 G - a scroll of vulnerability
Potions
 d - 3 potions of might
 l - a potion of haste
 p - 2 potions of curing
 s - 3 potions of resistance
 u - a potion of cancellation
 x - 3 potions of magic
 C - 5 potions of brilliance
 H - a potion of mutation
Miscellaneous
 F - a phantom mirror


   Skills:
 + Level 12.0 Fighting
 + Level 12.7 Axes
 + Level 7.9 Throwing
 + Level 11.0 Armour
 + Level 7.0 Shields


You had 11 spell levels left.
You didn't know any spells.
Your spell library contained the following spells:

 Spells                   Type           Power      Damage    Failure   Level
 Sandblast                Erth           0%         2d4       98%         1
 Corpse Rot               Necr/Air       0%         N/A       99%         2
 Passwall                 Tmut/Erth      0%         N/A       99%         2
 Poisonous Vapours        Pois/Air       0%         N/A       99%         2
 Stone Arrow              Conj/Erth      0%         3d7       100%        3
 Passage of Golubria      Tloc           0%         N/A       100%        4
 Fireball                 Conj/Fire      0%         3d3       100%        5
 Iskenderun's Battlesphe  Conj           0%         2d6       100%        5
 Silence                  Hex/Air        0%         N/A       100%        5
 Conjure Ball Lightning   Conj/Air       0%         3x3d6     100%        6
 Orb of Destruction       Conj           0%         N/A       100%        7
 Lehudib's Crystal Spear  Conj/Erth      0%         10d2      100%        8


Dungeon Overview and Level Annotations

Branches:
Dungeon (14/15)            Temple (1/1) D:5            Lair (0/6) D:8
    Orc (0/2) D:9           Sewer (visited)
 Vaults: D:13-14

Altars:
Ashenzari
Cheibriados
Dithmenos
Elyvilon
Fedhas
Gozag
Hepliaklqana
Kikubaaqudgha
Makhleb
Nemelex Xobeh
Okawaru
Qazlal
Ru
Sif Muna
Trog
Uskayaw
Vehumet
Wu Jian
Xom
Yredelemnul
Zin
The Shining One
Jiyva

Shops:
D:3 (

Annotations:
D:10 2 transporters
D:11 2 transporters, Usuem's ghost, journeyman DECj


Message History

The skeletal warrior is moderately damaged.
You closely miss the vampire mosquito. You barely miss the vampire mosquito.
The vampire mosquito bites you.
* * * LOW HITPOINT WARNING * * *
The vampire mosquito draws strength from your injuries!
The vampire mosquito bites you but does no damage.
You block the skeletal warrior's attack.
You slash the skeletal warrior!
The skeletal warrior is severely damaged.
You slash the vampire mosquito! x2
The vampire mosquito bites you but does no damage.
You block the vampire mosquito's attack. x2
The vampire mosquito bites you.
* * * LOW HITPOINT WARNING * * *
The vampire mosquito draws strength from your injuries!
The skeletal warrior barely misses you.
You slash the skeletal warrior!
The skeletal warrior is almost destroyed.
You slash the vampire mosquito! You barely miss the vampire mosquito.
The vampire mosquito closely misses you.
You block the vampire mosquito's attack.
You closely miss the skeletal warrior.
The skeletal warrior is almost destroyed.
You completely miss the vampire mosquito.
You slash the vampire mosquito!
You destroy the vampire mosquito!
A black mist starts to gather...
You block the vampire mosquito's attack.
You block the skeletal warrior's attack.
The vampire mosquito bites you but does no damage.
You hit the skeletal warrior but do no damage.
The skeletal warrior is almost destroyed.
You slice the vampire mosquito!!
You destroy the vampire mosquito!
You slash the vampire mosquito!
You destroy the vampire mosquito!
A black mist starts to gather...
The skeletal warrior hits you with a +0 dire flail!
You die...
Your body rises from the dead as a mindless zombie.

######+#####
#....@.....#
#...z..Z...+
#......Z.(.#
#......$...#
#..........#
#..........#
#..........#
####+#######


You could see a skeletal warrior (ally target) and 2 friendly vampire mosquito
zombies.

Vanquished Creatures
  Josephine (D:11)
  A hydra (D:11)
  Harold (D:10)
  A two-headed ogre (D:10)
  A centaur warrior (D:8)
  A skeletal warrior (D:13)
  An unseen horror (D:10)
  Maggie (D:6)
  A gargoyle (D:10)
  A tengu conjurer (D:10)
  3 trolls
  A meliai (shapeshifter) (D:13)
  3 slime creatures (D:13)
  A wyvern (D:8)
  A vampire (D:10)
  4 wraiths
  7 yaks
  A basilisk (D:8)
  4 vampire mosquitoes
  A warg (D:9)
  2 acid dragons
  3 water moccasins
  2 black bears (D:8)
  2 orc warriors
  4 necrophages
  An ogre (D:6)
  4 centaurs
  A phantom (D:5)
  2 kobold brigands
  2 bullfrogs (D:8)
  A scorpion (D:5)
  2 wyvern zombies (D:8)
  2 water moccasin skeletons
  7 killer bees
  5 wights (D:6)
  2 howler monkeys
  A lava snake (D:10)
  A centaur skeleton (D:7)
  A centaur zombie (D:6)
  2 hounds
  9 orc priests
  A jelly (D:6)
  2 bullfrog skeletons
  4 iguanas
  12 orc wizards
  Natasha (thrice) (D:3)
  7 adders
  3 river rats (Sewer)
  5 shadow imps
  A white imp (D:7)
  2 ufetubi
  6 worms
  A dart slug (D:3)
  53 orcs
  5 endoplasms
  3 giant cockroaches
  8 goblins
  5 hobgoblins
  8 quokkas
  14 ball pythons
  8 bats
  8 frilled lizards
  16 kobolds
  12 rats
279 creatures vanquished.

Vanquished Creatures (collateral kills)
  Sonja (D:11)
  A skeletal warrior (D:13)
  Maurice (D:9)
  A slime creature (D:13)
  A wyvern (D:8)
  An acid dragon (D:8)
  3 orc priests
  2 orc wizards
  A dart slug (D:5)
  2 orcs
14 creatures vanquished.

Vanquished Creatures (others)
  2 spectral slime creatures (D:13)
  A tengu zombie (D:10)
  A yak zombie (D:11)
  A troll zombie (D:13)
  A bullfrog zombie (D:8)
  2 centaur zombies
  3 killer bee zombies
  A necrophage zombie (D:8)
  A howler monkey zombie (D:8)
  A lava snake zombie (D:10)
  18 orc zombies
  A spectral shadow imp (D:5)
  2 kobold zombies
  A fungus (D:3)
36 creatures vanquished.

Grand Total: 329 creatures vanquished

Notes
Turn   | Place    | Note
-------+----------+-------------------------------------------
     0 | D:1      | leviel the Hill Orc Fighter began the quest for the Orb.
     0 | D:1      | Reached XP level 1. HP: 19/19 MP: 1/1
   196 | D:1      | Found a faded altar of an unknown god.
   289 | D:1      | Reached XP level 2. HP: 22/27 MP: 2/2
   775 | D:1      | Reached XP level 3. HP: 28/33 MP: 3/3
  1182 | D:2      | Reached XP level 4. HP: 37/40 MP: 4/4
  1873 | D:3      | Noticed Natasha
  1884 | D:3      | Killed Natasha
  1892 | D:3      | Noticed Natasha
  1899 | D:3      | Killed Natasha
  1900 | D:3      | Reached XP level 5. HP: 47/47 MP: 5/5
  1925 | D:3      | Found Daddif's Weapon Boutique.
  1955 | D:3      | Bought 15 poisoned darts for 66 gold pieces
  2040 | D:3      | Noticed Natasha
  2045 | D:3      | Killed Natasha
  2415 | D:3      | Found a glowing drain.
  2430 | Sewer    | Entered a sewer
  3348 | D:3      | Reached skill level 5 in Fighting
  3348 | D:3      | Reached XP level 6. HP: 56/56 MP: 6/6
  3672 | D:4      | Reached skill level 5 in Axes
  3842 | D:4      | Noticed a water moccasin
  3848 | D:4      | Killed a water moccasin
  3849 | D:4      | Reached skill level 5 in Armour
  3849 | D:4      | Reached skill level 5 in Shields
  3849 | D:4      | Reached XP level 7. HP: 61/61 MP: 7/7
  3987 | D:5      | Entered Level 5 of the Dungeon
  4195 | D:5      | Identified the +7 dagger "Cuploh" {antimagic, rN++ Dex-3}
  4296 | D:5      | Found a staircase to the Ecumenical Temple.
  4302 | D:5      | Reached skill level 1 in Throwing
  4376 | Temple   | Entered the Ecumenical Temple
  4473 | Temple   | Became a worshipper of Yredelemnul the Dark
  4505 | D:5      | Reached XP level 8. HP: 69/70 MP: 8/8
  4602 | D:5      | Reached * piety under Yredelemnul
  5294 | D:5      | Reached ** piety under Yredelemnul
  5773 | D:6      | Noticed Maggie
  5788 | D:6      | Killed Maggie
  5789 | D:6      | Reached XP level 9. HP: 49/80 MP: 9/9
  5790 | D:6      | Identified the +8 war axe "Inoff" {vorpal, rF++ Int+7}
  8214 | D:8      | Found a staircase to the Lair.
  8233 | D:8      | Reached skill level 5 in Throwing
  8233 | D:8      | Reached XP level 10. HP: 52/91 MP: 10/10
  8243 | D:8      | Noticed a centaur warrior
  8287 | D:8      | Killed a centaur warrior
  8288 | D:8      | Reached skill level 10 in Axes
  8712 | D:8      | Found a glowing golden altar of the Shining One.
  9138 | D:9      | Noticed Maurice
  9144 | D:9      | Reached skill level 10 in Fighting
  9759 | D:9      | Found a staircase to the Orcish Mines.
  9819 | D:9      | Killed Maurice
 10278 | D:9      | Identified the +9 tower shield of a wizard's laboratory
                  | {Str+8 Stlth-}
 10569 | D:10     | Entered Level 10 of the Dungeon
 10569 | D:10     | Noticed a gargoyle
 10574 | D:10     | Killed a gargoyle
 10575 | D:10     | Reached XP level 11. HP: 101/101 MP: 11/11
 10630 | D:10     | Noticed a two-headed ogre
 10649 | D:10     | Killed a two-headed ogre
 10879 | D:10     | Found a transporter.
 10927 | D:10     | Reached skill level 10 in Armour
 11050 | D:10     | Noticed Harold
 11065 | D:10     | Killed Harold
 11436 | D:10     | Noticed a glowing orange brain
 11493 | D:10     | Found a transporter.
 11493 | D:10     | Found a viscous altar of Jiyva.
 11746 | D:11     | Noticed Josephine
 11753 | D:11     | Killed Josephine
 11754 | D:11     | Noticed Sonja
 11764 | D:11     | Reached *** piety under Yredelemnul
 11784 | D:11     | Killed Sonja
 12093 | D:11     | Noticed a four-headed hydra
 12121 | D:11     | Killed a seven-headed hydra
 12312 | D:11     | Found a transporter.
 12316 | D:11     | Noticed a cyclops
 12316 | D:11     | Noticed a six-headed hydra
 12318 | D:11     | Noticed a manticore
 12321 | D:11     | Noticed a centaur warrior
 12321 | D:11     | Noticed Usuem's ghost (journeyman DECj)
 12322 | D:11     | Noticed a cyclops
 12323 | D:11     | Identified the +5 mace of the Hero {chaos, Str+4}
 12323 | D:11     | Noticed a cyclops
 12326 | D:11     | Noticed a death knight
 12348 | D:11     | Found a transporter.
 12394 | D:11     | You fall into a shaft and drop 3 floors!
 12423 | D:13     | Reached XP level 12. HP: 90/111 MP: 12/12
 12758 | D:12     | Slain by a skeletal warrior

Illustrated notes

Levels and vault maps discovered:
D:1:      dpeg_arrival_concentric_ovals, layout_loops_ring,
          dreamdust_ecumenical_altar_grove, roderic_malta_cross,
          columned_hall_lemuel, roderic_roman_lattice, st_stairs_5
D:2:      layout_loops_ring, minmay_pentomino_u4
D:3:      layout_basic, serial_shops, nicolae_shop_bloodbath_and_beyond,
          portal_sewer_entry_f, minmay_misc_feat_rows,
          minmay_shallow_snake_nest, uniq_natasha
D:4:      layout_basic
D:5:      layout_loops_ring, minmay_temple_entry_stoned_glass,
          serial_park_tiny_1, kennysheep_path_1, dk_vineyard_1
D:6:      layout_loops_ring, uniq_maggie
D:7:      layout_loops_corners
D:8:      minmay_chambers_of_sixes, layout_basic, mainiacjoe_overflow_paths,
          david_lair_generic
D:9:      layout_basic, erik_orc_4, uniq_maurice
D:10:     gammafunk_jiyva_shrine, layout_rooms, grunt_decor_junction,
          uniq_harold
D:11:     layout_loops_ring, nzn_ghost_randoct, gauntlet_entry_generic,
          elyvilon_altar_1, uniq_sonja, uniq_josephine, uniq_urug, uniq_erolcha
D:12:     layout_roguey
D:13:     layout_roguey
D:14:     layout_cave_pools, david_vaults_5, enter_bailey_2
Temple:   dpeg_three_leaves_temple

Skill      XL: |  1  2  3  4  5  6  7  8  9 10 11 12 |
---------------+-------------------------------------+-----
Axes           | 3 4 5 6 7 9 11 12 | 12.7
Fighting       | 4 5 6 7 9 10 11 12 | 12.0
Shields        | 4 5 6 7 |  7.0
Armour         | 4 5 7 8 9 10 11 | 11.0
Throwing       | 1 3 5 6 7 |  7.9

Action                   |  1- 3 |  4- 6 |  7- 9 | 10-12 || total
-------------------------+-------+-------+-------+-------++-------
Melee: Hand axe          |   103 |   164 |   195 |       ||   462
       War axe           |     2 |       |    88 |   226 ||   316
       Unarmed           |       |    11 |       |       ||    11
Throw: Dart              |       |       |       |    14 ||    14
       Throwing net      |       |       |       |     1 ||     1
Invok: Recall Undead Har |       |       |       |     1 ||     1
  Use: Scroll            |     1 |       |    13 |     9 ||    23
       Potion            |       |       |     4 |     3 ||     7
 Stab: Distracted        |       |       |     1 |     1 ||     2
Armor: Scale mail        |    45 |    64 |   107 |    78 ||   294
       Skin              |       |     1 |       |       ||     1
Dodge: Dodged            |    38 |    79 |    87 |    64 ||   268
       Repelled          |       |       |     2 |     2 ||     4
Block: Buckler           |    19 |    35 |    52 |    22 ||   128
       Tower shield      |       |       |       |   165 ||   165

Table legend: (Time is in decaauts)
 A = Elapsed time spent in this place.
 B = Non-inter-level travel time spent in this place.
 C = Inter-level travel time spent in this place.
 D = Time resting spent in this place.
 E = Time spent auto-exploring this place.
 F = Levels seen in this place.
 G = Mean time per level.
                   A        B        C        D        E       F      G
               +--------+--------+--------+--------+--------+-----+--------+
         Total |  12921 |  12497 |    424 |   2340 |   7914 |  16 |  807.6 |
       Dungeon |  12278 |  11869 |    409 |   2340 |   7480 |  14 |  877.0 |
        Temple |    105 |     90 |     15 |      0 |     68 |   1 |  105.0 |
         Sewer |    537 |    537 |      0 |      0 |    366 |   1 |  537.0 |
               +--------+--------+--------+--------+--------+-----+--------+

Top non-repeatable levels by time:
     D:8: 1564 daAuts
     D:5: 1420 daAuts
     D:7: 1298 daAuts
     D:6: 1258 daAuts
    D:10: 1169 daAuts
     D:3: 1093 daAuts
     D:1: 1039 daAuts
     D:9: 934 daAuts
     D:2: 808 daAuts
    D:11: 710 daAuts
     D:4: 608 daAuts
   Sewer: 537 daAuts
    D:13: 356 daAuts
  Temple: 105 daAuts
    D:14: 7 daAuts
